AoeStats
← Twix

Arabia

508791423Analyzed
2v2 RM · 7d ago on Sep 24, 2026· 41m 45s· 4 players
Game mode
Random Map
Map size
Medium (4 player)
Population
200
Speed
Normal
Resources
Standard
Victory
Conquest
Starting age
Dark Age
Ending age
Imperial Age
RankedLock teamsTeams togetherTeam positionsShared explorationLock speedFull tech treeHidden civsTurbo modeCheats
Victory
Defeat
🇨🇴 Tupi · Colombia
1468
+13
1289
+21
🇺🇸 Khmer · United States
1390
-17
🇺🇸 Ethiopians · United States
1390
-17
dgekelman
9:07 Feudal Age
10:00 Loom
10:49 Double-Bit Axe
13:38 Fletching
17:33 Padded Archer Armor
21:53 Castle Age
19:42 Horse Collar
20:53 Gold Mining
21:43 Bloodlines
22:54 Wheelbarrow
22:31 Scale Barding Armor
23:25 Husbandry
24:08 Gold Shaft Mining
24:38 Chain Barding Armor
25:40 Bow Saw
25:53 Forging
31:23 Hand Cart
32:17 Iron Casting
33:44 Stone Mining
36:20 Stone Shaft Mining
36:16 Town Watch
40:12 Imperial Age
40:11 Ballistics
41:19 Conscription
40:55 Light Cavalry
41:38 Bodkin Arrow
Twix
6:51 Loom
9:22 Feudal Age
9:55 Double-Bit Axe
11:39 Horse Collar
12:43 Fletching
16:16 Town Watch
16:54 Padded Archer Armor
22:07 Castle Age
22:22 Crossbowman
23:00 Bodkin Arrow
23:17 Bow Saw
27:49 Ballistics
30:09 Imperial Age
27:40 Gold Mining
30:54 Bracer
32:02 Chemistry
32:04 Arbalester
34:05 Thumb Ring
35:02 Wheelbarrow
38:27 Hand Cart
40:53 Leather Archer Armor
youtube.com/@Radio_Latex
5:45 Loom
8:40 Feudal Age
10:03 Double-Bit Axe
11:22 Bloodlines
11:07 Horse Collar
16:03 Wheelbarrow
18:22 Scale Barding Armor
20:56 Castle Age
19:15 Forging
20:09 Gold Mining
20:56 Light Cavalry
21:50 Bow Saw
24:34 Husbandry
31:11 Vendel Legacy
33:31 Town Watch
38:40 Imperial Age
38:51 Cavalier
39:53 Chain Barding Armor
39:56 Conscription
I like to play Random
10:03 Feudal Age
8:19 Loom
10:48 Double-Bit Axe
13:23 Fletching
16:52 Padded Archer Armor
22:36 Castle Age
20:19 Champi Runner
21:55 Forging
21:55 Gold Mining
21:46 Horse Collar
23:09 Scale Mail Armor
22:58 Arson
22:46 Crossbowman
23:34 Squires
22:57 Champi Warrior
25:22 Iron Casting
27:16 Chain Mail Armor
26:24 Pikeman
29:04 Wheelbarrow
31:01 Bodkin Arrow
33:56 Bow Saw
36:03 Ballistics
Connection lost

Rejoining the realm…

Still unreachable

The connection could not be restored.

Session expired

The server has moved on; the page needs a fresh start.